Sharks vs Lightning

Created - April 12, 2022 at 19:24

Goals
1 2 3 T
Sharks 0 2 2 4
Lightning 0 0 1 1
Shots
1 2 3 T
Sharks 5 10 14 29
Lightning 9 7 7 23

1st period

No Goal

Penalties :
No Penalty

2nd period

1. Sharks , Milan Michalek 12 (Brandon Dubinsky 27) at 11:30
2. Sharks , Gilbert Brule 16 (Tyler Cuma 13, Ben Smith 23) at 12:27

Penalties :
Sergei Shirokov (T.B) for Hooking (Minor) at 2:00, Bobby Butler (S.J) for Delaying the game (Minor) at 4:59, Ronalds Kenins (S.J) for Hooking (Minor) at 13:32, Cody Goloubef (T.B) for Tripping (Minor) at 15:57

3rd period

3. Sharks , Brandon Dubinsky 12 (Ben Lovejoy 3, Tyler Cuma 14) at 0:26
4. Lightning , Nick Bjugstad 17 (Brandon Sutter 16, Shayne Gostisbehere 19) at 1:16
5. Sharks , Zach Boychuk 6 (Karl Alzner 17, Oskar Osala 8) at 13:44

Penalties :
Sergei Shirokov (T.B) for High sticking (Minor) at 2:09, Brandon Dubinsky (S.J) for Roughing (Minor) at 5:56, Sergei Shirokov (T.B) for Roughing (Minor) at 11:13, Mark Scheifele (T.B) for High sticking (Double Minor) at 15:22

Goalie Stats

Anders Lindback (S.J), 22 saves from 23 shots - (0.957), W, 1-2-0, 60:00 minutes
Jimmy Howard (T.B), 25 saves from 29 shots - (0.862), L, 17-16-4, 60:00 minutes

Players Stats for Sharks

Player Name              G  A  P  +/- PIM S  H  SB GA TA FO     MP     PP MP  PK MP  
------------------------------------------------------------------------------------
Ben Lovejoy              0  1  1   2  0   0  0  1  0  1  0/0    25:22   4:36   2:42 
Ben Smith                0  1  1   1  0   2  3  0  0  0  4/6    19:32   5:00   3:31 
Bobby Butler             0  0  0   0  2   0  0  0  0  0  0/1    11:18   0:32   0:00 
Boone Jenner             0  0  0   0  0   1  0  1  0  0  1/3    11:16   0:00   0:36 
Brandon Dubinsky         1  1  2   1  2   3  1  0  2  1  16/31  20:16   6:23   1:02 
Brandon Gormley          0  0  0   0  0   2  0  0  0  1  0/0    19:16   4:36   2:42 
Brayden McNabb           0  0  0   1  0   1  0  0  0  0  0/0    11:46   0:04   0:00 
David Booth              0  0  0   1  0   1  1  1  0  1  1/4    22:41   6:23   3:28 
Gilbert Brule            1  0  1   1  0   4  4  0  0  0  4/6    15:59   5:00   0:00 
Gustav Nyquist           0  0  0   1  0   1  0  0  0  0  0/0    16:33   5:00   0:42 
Karl Alzner              0  1  1   1  0   0  0  0  0  1  0/0    11:18   0:04   0:00 
Luke Adam                0  0  0   1  0   1  0  0  0  1  1/2     8:18   0:00   0:00 
Milan Michalek           1  0  1   1  0   2  0  0  0  0  2/3    20:42   6:23   1:36 
Oskar Osala              0  1  1   1  0   1  1  0  0  0  0/0     8:15   0:00   0:00 
Ronalds Kenins           0  0  0   0  2   5  0  1  0  0  0/0    12:20   0:32   0:59 
Steve Eminger            0  0  0   0  0   1  1  2  0  2  0/0    21:54   7:15   3:15 
Tyler Cuma               0  2  2   2  0   3  1  5  0  1  0/0    28:24   7:15   3:15 
Zach Boychuk             1  0  1   1  0   1  1  0  2  0  0/0     8:50   0:32   0:00 

Players Stats for Lightning

Player Name              G  A  P  +/- PIM S  H  SB GA TA FO     MP     PP MP  PK MP  
------------------------------------------------------------------------------------
Alex Killorn             0  0  0   0  0   0  0  0  0  0  0/0     4:40   0:00   2:11 
Brandon Sutter           0  1  1  -1  0   6  1  0  0  0  8/17   19:06   2:36   3:27 
Brent Seabrook           0  0  0  -1  0   1  3  5  1  0  0/0    27:27   3:11   6:04 
Cody Goloubef            0  0  0  -1  2   1  0  2  0  1  0/0    10:40   0:00   0:35 
Conor Sheary             0  0  0  -1  0   1  0  0  0  0  0/0    14:10   0:00   2:54 
Erik Christensen         0  0  0  -1  0   0  1  0  0  0  1/4    12:08   0:00   0:43 
James Neal               0  0  0  -1  0   1  2  0  1  0  1/3    19:04   3:21   2:13 
Jesper Fast              0  0  0   0  0   0  0  0  1  0  0/0     4:24   0:00   0:00 
Jimmy Vesey              0  0  0  -1  0   0  1  0  0  0  0/0    12:26   0:00   1:03 
Justin Schultz           0  0  0  -1  0   1  0  0  0  1  0/0    21:43   2:46   5:16 
Kevin Shattenkirk        0  0  0  -1  0   1  0  4  2  2  0/0    27:30   3:11   6:04 
Kyle Clifford            0  0  0  -1  0   2  2  0  1  0  8/15   25:00   3:21   6:05 
Mark Scheifele           0  0  0  -1  4   1  1  0  1  0  8/16   21:51   3:21   4:59 
Nick Bjugstad            1  0  1  -1  0   2  1  0  0  0  0/0    15:30   2:36   0:00 
Ondrej Palat             0  0  0   0  0   1  0  0  0  0  0/0     4:39   0:00   0:15 
Roman Josi               0  0  0  -1  0   1  0  0  0  0  0/0    10:38   0:00   0:35 
Sergei Shirokov          0  0  0  -1  6   3  1  0  2  0  1/1    15:30   2:36   0:00 
Shayne Gostisbehere      0  1  1  -1  0   1  0  1  0  0  0/0    21:34   2:46   5:16 

3 Stars

1 - Tyler Cuma (S.J)
2 - Gilbert Brule (S.J)
3 - Brandon Dubinsky (S.J)

Power Play

Sharks - 0 on 6 Attempt(s) - 0.00%
Lightning - 0 on 3 Attempt(s) - 0.00%

Penalty Kill

Sharks - 3 on 3 Attempt(s) - 100.00% - Score 0 goal in Penalty Kill
Lightning - 6 on 6 Attempt(s) - 100.00% - Score 0 goal in Penalty Kill

Team Stat

Sharks - Hits : 13 - Faceoff Wins : 29 - Blocked Shots : 11 - Penalty Minutes : 6
Lightning - Hits : 13 - Faceoff Wins : 27 - Blocked Shots : 12 - Penalty Minutes : 12

Official

Referees : Dean Morton and Ian Walsh
Linesman : Derek Nansen and Shandor Alphonso

Game Notes

No Game Note

Finance

Level 1 -- Attendance: 6000 (100.00%) -- Ticket Income $600,000
Level 2 -- Attendance: 4849 (96.98%) -- Ticket Income $290,940
Level 3 -- Attendance: 1950 (97.50%) -- Ticket Income $68,250
Level 4 -- Attendance: 3569 (89.23%) -- Ticket Income $89,225
Luxury Box -- Attendance: 954 (95.40%) -- Ticket Income $190,800
Game was played at the Amalie Arena.
Total Attendance: 17322 (96.23%)
Total Ticket Income: $1,239,215
Other Income: $185,882
Total Income: $1,425,097

Sharks

5 vs 5 Forward 
   Center                   Left Wing                Right Wing               Time % Phy DF OF 
 1 Brandon Dubinsky         Milan Michalek           David Booth              40     1   2  2  
 2 Gilbert Brule            Gustav Nyquist           Ben Smith                30     1   2  2  
 3 Boone Jenner             Ronalds Kenins           Bobby Butler             20     1   2  2  
 4 Luke Adam                Zach Boychuk             Oskar Osala              10     1   2  2  

5 vs 5 Defense 
   Defense                  Defense                                           Time % Phy DF OF 
 1 Tyler Cuma               Ben Lovejoy                                       40     1   2  2  
 2 Steve Eminger            Brandon Gormley                                   30     1   2  2  
 3 Karl Alzner              Brayden McNabb                                    20     1   3  1  
 4 Ben Lovejoy              Tyler Cuma                                        10     1   2  2  

PowerPlay Forward 
   Center                   Left Wing                Right Wing               Time % Phy DF OF 
 1 Brandon Dubinsky         Milan Michalek           David Booth              60     1   2  2  
 2 Gilbert Brule            Gustav Nyquist           Ben Smith                40     1   2  2  

PowerPlay Defense
   Defense                  Defense                                           Time % Phy DF OF 
 1 Steve Eminger            Tyler Cuma                                        60     1   2  2  
 2 Ben Lovejoy              Brandon Gormley                                   40     1   2  2  

Penalty Kill 4 Players Forward 
   Center                   Wing                     Time % Phy DF OF 
 1 Ben Smith                David Booth              60     1   4  0  
 2 Milan Michalek           Ronalds Kenins           40     1   4  0  

Penalty Kill 4 Players Defense
   Defense                  Defense                  Time % Phy DF OF 
 1 Steve Eminger            Tyler Cuma               60     1   4  0  
 2 Ben Lovejoy              Brandon Gormley          40     1   4  0  

Penalty Kill - 3 Players Forward 
   Forward                                           Time % Phy DF OF 
 1 Ben Smith                                         60     1   4  0  
 2 Milan Michalek                                    40     1   4  0  

Penalty Kill - 3 Players Defense
   Defense                  Defense                  Time % Phy DF OF 
 1 Steve Eminger            Tyler Cuma               60     1   4  0  
 2 Ben Lovejoy              Brandon Gormley          40     1   4  0  

4 vs 4 Forward 
   Center                   Wing                     Time % Phy DF OF 
 1 Gilbert Brule            David Booth              60     1   2  2  
 2 Brandon Dubinsky         Milan Michalek           40     1   2  2  

4 vs 4 Defense
   Defense                  Defense                  Time % Phy DF OF 
 1 Steve Eminger            Tyler Cuma               60     1   2  2  
 2 Ben Lovejoy              Brandon Gormley          40     1   2  2  

Last Minutes Offensive
   Center                   Left Wing                Right Wing               Defense                  Defense                  
   Brandon Dubinsky         Milan Michalek           David Booth              Steve Eminger            Tyler Cuma               

Last Minutes Defensive
   Center                   Left Wing                Right Wing               Defense                  Defense                  
   Gilbert Brule            Gustav Nyquist           Ben Smith                Steve Eminger            Tyler Cuma               

Goaltenders
Starting : Anders Lindback          
Backup : Philipp Grubauer         

Extra Forwards
Normal : Brandon Dubinsky, Ronalds Kenins, Boone Jenner - PP : Brandon Dubinsky, Ronalds Kenins - PK : Brandon Dubinsky
Extra Defensemen
Normal : Karl Alzner, Brayden McNabb, Ben Lovejoy - PP : Karl Alzner - PK : Karl Alzner, Brayden McNabb
Penalty Shots
Ben Smith, Gilbert Brule, David Booth, Milan Michalek, Brandon Dubinsky

Scratches
Dion Phaneuf (Suspend), Jiri Tlusty (Healthy), Simon Despres (Healthy)

Lightning

5 vs 5 Forward 
   Center                   Left Wing                Right Wing               Time % Phy DF OF 
 1 Mark Scheifele           Kyle Clifford            James Neal               40     1   2  2  
 2 Brandon Sutter           Sergei Shirokov          Nick Bjugstad            30     1   2  2  
 3 Erik Christensen         Jimmy Vesey              Conor Sheary             20     1   2  2  
 4 Kyle Clifford            Ondrej Palat             Jesper Fast              10     1   2  2  

5 vs 5 Defense 
   Defense                  Defense                                           Time % Phy DF OF 
 1 Kevin Shattenkirk        Brent Seabrook                                    40     1   2  2  
 2 Justin Schultz           Shayne Gostisbehere                               30     1   2  2  
 3 Cody Goloubef            Roman Josi                                        20     1   2  2  
 4 Kevin Shattenkirk        Brent Seabrook                                    10     1   2  2  

PowerPlay Forward 
   Center                   Left Wing                Right Wing               Time % Phy DF OF 
 1 Mark Scheifele           Kyle Clifford            James Neal               60     1   2  2  
 2 Brandon Sutter           Sergei Shirokov          Nick Bjugstad            40     1   2  2  

PowerPlay Defense
   Defense                  Defense                                           Time % Phy DF OF 
 1 Kevin Shattenkirk        Brent Seabrook                                    60     1   2  2  
 2 Justin Schultz           Shayne Gostisbehere                               40     1   2  2  

Penalty Kill 4 Players Forward 
   Center                   Wing                     Time % Phy DF OF 
 1 Kyle Clifford            Mark Scheifele           60     1   2  2  
 2 Brandon Sutter           James Neal               40     1   2  2  

Penalty Kill 4 Players Defense
   Defense                  Defense                  Time % Phy DF OF 
 1 Kevin Shattenkirk        Brent Seabrook           60     1   2  2  
 2 Justin Schultz           Shayne Gostisbehere      40     1   2  2  

Penalty Kill - 3 Players Forward 
   Forward                                           Time % Phy DF OF 
 1 Kyle Clifford                                     60     1   2  2  
 2 Mark Scheifele                                    40     1   2  2  

Penalty Kill - 3 Players Defense
   Defense                  Defense                  Time % Phy DF OF 
 1 Kevin Shattenkirk        Brent Seabrook           60     1   2  2  
 2 Justin Schultz           Shayne Gostisbehere      40     1   2  2  

4 vs 4 Forward 
   Center                   Wing                     Time % Phy DF OF 
 1 Kyle Clifford            Mark Scheifele           60     1   2  2  
 2 Brandon Sutter           James Neal               40     1   2  2  

4 vs 4 Defense
   Defense                  Defense                  Time % Phy DF OF 
 1 Kevin Shattenkirk        Brent Seabrook           60     1   2  2  
 2 Justin Schultz           Shayne Gostisbehere      40     1   2  2  

Last Minutes Offensive
   Center                   Left Wing                Right Wing               Defense                  Defense                  
   Mark Scheifele           Kyle Clifford            James Neal               Kevin Shattenkirk        Brent Seabrook           

Last Minutes Defensive
   Center                   Left Wing                Right Wing               Defense                  Defense                  
   Mark Scheifele           Kyle Clifford            James Neal               Kevin Shattenkirk        Brent Seabrook           

Goaltenders
Starting : Jimmy Howard             
Backup : Alex Nedeljkovic         

Extra Forwards
Normal : Alex Killorn, Erik Christensen, Conor Sheary - PP : Alex Killorn, Erik Christensen - PK : Conor Sheary
Extra Defensemen
Normal : Cody Goloubef, Roman Josi, Justin Schultz - PP : Cody Goloubef - PK : Roman Josi, Justin Schultz
Penalty Shots
Kyle Clifford, Mark Scheifele, Brandon Sutter, James Neal, Sergei Shirokov

Scratches
Brayden Point (Healthy), Derek Meech (Strained Right Elbow Injury), Joni Pitkanen (Abdomen/Ribs Injury), Nikolaj Ehlers (Healthy), Oscar Sundqvist (Healthy)

% Time on Ice - Sharks

Lines # - Real PCT - Wanted PCT - Time Play
Normal Forward
1 - 30% - 40% - 12:37
2 - 26% - 30% - 10:51
3 - 25% - 20% - 10:40
4 - 19% - 10% - 8:00
Normal Defense
1 - 35% - 40% - 14:37
2 - 30% - 30% - 12:41
3 - 24% - 20% - 10:02
4 - 11% - 10% - 4:48
PP Forward
1 - 56% - 60% - 6:43
2 - 44% - 40% - 5:12
PP Defense
1 - 61% - 60% - 7:19
2 - 39% - 40% - 4:36
PK Forward
1 - 73% - 60% - 4:21
2 - 27% - 40% - 1:36
PK Defense
1 - 55% - 60% - 3:15
2 - 45% - 40% - 2:42
PK3 Forward
1 - 0% - 60%
2 - 0% - 40%
PK3 Defense
1 - 0% - 60%
2 - 0% - 40%
44 Forward
1 - 0% - 60%
2 - 0% - 40%
44 Defense
1 - 0% - 60%
2 - 0% - 40%
Last Minute Offensive  - 0:00
Last Minute Defensive  - 0:00
Total
Forward - 60:00
Defense - 60:00

% Time on Ice - Lightning

Lines # - Real PCT - Wanted PCT - Time Play
Normal Forward
1 - 32% - 40% - 13:32
2 - 31% - 30% - 12:56
3 - 27% - 20% - 11:16
4 - 10% - 10% - 4:24
Normal Defense
1 - 41% - 40% - 17:14
2 - 31% - 30% - 13:11
3 - 24% - 20% - 10:03
4 - 4% - 10% - 1:40
PP Forward
1 - 56% - 60% - 3:21
2 - 44% - 40% - 2:36
PP Defense
1 - 54% - 60% - 3:11
2 - 46% - 40% - 2:46
PK Forward
1 - 81% - 60% - 9:42
2 - 19% - 40% - 2:13
PK Defense
1 - 56% - 60% - 6:39
2 - 44% - 40% - 5:16
PK3 Forward
1 - 0% - 60%
2 - 0% - 40%
PK3 Defense
1 - 0% - 60%
2 - 0% - 40%
44 Forward
1 - 0% - 60%
2 - 0% - 40%
44 Defense
1 - 0% - 60%
2 - 0% - 40%
Last Minute Offensive  - 0:00
Last Minute Defensive  - 0:00
Total
Forward - 60:00
Defense - 60:00

Play-by-Play

1st period


0:01 of 1st period - Brandon Dubinsky wins face-off versus Mark Scheifele in neutral zone.
0:28 of 1st period - Snap shot by Gilbert Brule.
0:28 of 1st period - Shot Blocked by Brent Seabrook.
0:30 of 1st period - Wrist shot by Gilbert Brule.
0:30 of 1st period - Stopped by Jimmy Howard without a rebound.
0:31 of 1st period - Brandon Sutter wins face-off versus Gilbert Brule in Lightning zone.
0:33 of 1st period - Icing by Justin Schultz.
0:34 of 1st period - Gilbert Brule wins face-off versus Brandon Sutter in Lightning zone.
0:50 of 1st period - Snap shot by Brandon Sutter.
0:50 of 1st period - Stopped by Anders Lindback with a rebound.
1:26 of 1st period - Snap shot by Sergei Shirokov.
1:26 of 1st period - Shot Misses the Net.
1:28 of 1st period - Wrist shot by Nick Bjugstad.
1:28 of 1st period - Shot Misses the Net.
1:30 of 1st period - Wrist shot by Nick Bjugstad.
1:30 of 1st period - Shot Misses the Net.
1:32 of 1st period - Slapshot by Brent Seabrook.
1:32 of 1st period - Stopped by Anders Lindback without a rebound.
1:33 of 1st period - Boone Jenner wins face-off versus Erik Christensen in Sharks zone.
1:58 of 1st period - Karl Alzner is hit by Brent Seabrook and loses puck.
2:09 of 1st period - Slapshot by Mark Scheifele.
2:09 of 1st period - Deflect By Kyle Clifford.
2:09 of 1st period - Stopped by Anders Lindback without a rebound.
2:10 of 1st period - Luke Adam wins face-off versus Erik Christensen in Sharks zone.
2:10 of 1st period - Luke Adam is hit by Erik Christensen.
3:50 of 1st period - Wrist shot by Nick Bjugstad.
3:50 of 1st period - Stopped by Anders Lindback with a rebound.
3:52 of 1st period - Wrist shot by Brandon Sutter.
3:52 of 1st period - Stopped by Anders Lindback without a rebound.
3:53 of 1st period - Brandon Sutter wins face-off versus David Booth in Sharks zone.
3:57 of 1st period - Icing by Milan Michalek.
3:58 of 1st period - Kyle Clifford wins face-off versus Brandon Dubinsky in Sharks zone.
4:10 of 1st period - Icing by Milan Michalek.
4:11 of 1st period - Brandon Dubinsky wins face-off versus Kyle Clifford in Sharks zone.
4:11 of 1st period - Brandon Dubinsky is hit by James Neal.
4:19 of 1st period - Slapshot by Milan Michalek.
4:19 of 1st period - Stopped by Jimmy Howard without a rebound.
4:20 of 1st period - Mark Scheifele wins face-off versus Boone Jenner in Lightning zone.
4:49 of 1st period - Snap shot by Bobby Butler.
4:49 of 1st period - Shot Misses the Net.
6:32 of 1st period - Icing by Tyler Cuma.
6:33 of 1st period - Brandon Sutter wins face-off versus Boone Jenner in Sharks zone.
6:36 of 1st period - Snap shot by Nick Bjugstad.
6:36 of 1st period - Shot Misses the Net.
6:42 of 1st period - Snap shot by Sergei Shirokov.
6:42 of 1st period - Stopped by Anders Lindback with a rebound.
7:14 of 1st period - Snap shot by Jimmy Vesey.
7:14 of 1st period - Shot Misses the Net.
7:43 of 1st period - Snap shot by Ronalds Kenins.
7:43 of 1st period - Stopped by Jimmy Howard with a rebound.
8:11 of 1st period - Snap shot by Tyler Cuma.
8:11 of 1st period - Deflect By Ronalds Kenins.
8:11 of 1st period - Stopped by Jimmy Howard with a rebound.
8:13 of 1st period - Wrist shot by Boone Jenner.
8:13 of 1st period - Shot Misses the Net.
8:29 of 1st period - Wrist shot by Bobby Butler.
8:29 of 1st period - Shot Blocked by Shayne Gostisbehere.
9:07 of 1st period - Slapshot by Ronalds Kenins.
9:07 of 1st period - Stopped by Jimmy Howard without a rebound.
9:08 of 1st period - Brandon Dubinsky wins face-off versus Brandon Sutter in Lightning zone.
9:23 of 1st period - Slapshot by Brandon Sutter.
9:23 of 1st period - Deflect By Sergei Shirokov.
9:23 of 1st period - Stopped by Anders Lindback with a rebound.
9:25 of 1st period - Snap shot by Brandon Sutter.
9:25 of 1st period - Shot Misses the Net.
9:35 of 1st period - Cody Goloubef is hit by Gilbert Brule and loses puck.
10:04 of 1st period - Snap shot by Oskar Osala.
10:04 of 1st period - Shot Misses the Net.
11:38 of 1st period - Brent Seabrook is hit by Gilbert Brule and loses puck.
12:11 of 1st period - Brandon Dubinsky is hit by Kyle Clifford and loses puck.
12:34 of 1st period - Ben Smith is hit by Nick Bjugstad and loses puck.
12:41 of 1st period - Shayne Gostisbehere is hit by Gilbert Brule and loses puck.
15:05 of 1st period - Icing by Roman Josi.
15:06 of 1st period - Erik Christensen wins face-off versus David Booth in Lightning zone.
15:13 of 1st period - Slapshot by Conor Sheary.
15:13 of 1st period - Stopped by Anders Lindback with a rebound.
15:50 of 1st period - Snap shot by Brandon Sutter.
15:50 of 1st period - Stopped by Anders Lindback without a rebound.
15:51 of 1st period - Brandon Sutter wins face-off versus Gilbert Brule in Sharks zone.
18:38 of 1st period - Ben Lovejoy is hit by Sergei Shirokov and loses puck.
19:38 of 1st period - Gilbert Brule is hit by James Neal and loses puck.
Goals for this period are 0 for Sharks vs 0 for Lightning.
Shots for this period are 5 for Sharks vs 9 for Lightning.

2nd period


0:01 of 2nd period - Brandon Dubinsky wins face-off versus Mark Scheifele in neutral zone.
0:51 of 2nd period - Slapshot by Gilbert Brule.
0:51 of 2nd period - Stopped by Jimmy Howard without a rebound.
0:52 of 2nd period - Brandon Dubinsky wins face-off versus Erik Christensen in Lightning zone.
1:21 of 2nd period - Luke Adam is hit by Kyle Clifford.
1:25 of 2nd period - Brent Seabrook is hit by Zach Boychuk and loses puck.
1:51 of 2nd period - Slapshot by Brandon Gormley.
1:51 of 2nd period - Shot Blocked by Kevin Shattenkirk.
1:53 of 2nd period - Slapshot by Brandon Gormley.
1:53 of 2nd period - Stopped by Jimmy Howard without a rebound.
1:54 of 2nd period - Brandon Dubinsky wins face-off versus Brandon Sutter in Lightning zone.
2:00 of 2nd period - Minor Penalty to Sergei Shirokov for Hooking.
2:01 of 2nd period - Kyle Clifford wins face-off versus Brandon Dubinsky in Lightning zone.
3:23 of 2nd period - Snap shot by Gilbert Brule.
3:23 of 2nd period - Shot Blocked by Brent Seabrook.
3:25 of 2nd period - Snap shot by Tyler Cuma.
3:25 of 2nd period - Shot Blocked by Brent Seabrook.
3:27 of 2nd period - Slapshot by Gustav Nyquist.
3:27 of 2nd period - Stopped by Jimmy Howard without a rebound.
3:28 of 2nd period - Brandon Dubinsky wins face-off versus Brandon Sutter in Lightning zone.
4:00 of 2nd period - Penalty to Sergei Shirokov is over, Sergei Shirokov is back on ice.
4:37 of 2nd period - Wrist shot by Luke Adam.
4:37 of 2nd period - Stopped by Jimmy Howard with a rebound.
4:39 of 2nd period - Slapshot by Brandon Gormley.
4:39 of 2nd period - Stopped by Jimmy Howard with a rebound.
4:53 of 2nd period - Wrist shot by Ondrej Palat.
4:53 of 2nd period - Stopped by Anders Lindback with a rebound.
4:59 of 2nd period - Minor Penalty to Bobby Butler for Delaying the game.
5:00 of 2nd period - Ben Smith wins face-off versus Mark Scheifele in Sharks zone.
5:23 of 2nd period - Icing by Brent Seabrook.
5:24 of 2nd period - Ben Smith wins face-off versus Kyle Clifford in Lightning zone.
5:25 of 2nd period - Slapshot by Tyler Cuma.
5:25 of 2nd period - Shot Misses the Net.
5:35 of 2nd period - Slapshot by Kevin Shattenkirk.
5:35 of 2nd period - Stopped by Anders Lindback without a rebound.
5:36 of 2nd period - Ben Smith wins face-off versus Brandon Sutter in Sharks zone.
5:41 of 2nd period - David Booth is hit by Brandon Sutter and loses puck.
6:59 of 2nd period - Penalty to Bobby Butler is over, Bobby Butler is back on ice.
8:00 of 2nd period - Snap shot by Brandon Dubinsky.
8:00 of 2nd period - Shot Blocked by Cody Goloubef.
9:18 of 2nd period - Snap shot by Nick Bjugstad.
9:18 of 2nd period - Shot Misses the Net.
9:30 of 2nd period - Erik Christensen is hit by Ben Smith and loses puck.
9:59 of 2nd period - Snap shot by Brandon Sutter.
9:59 of 2nd period - Deflect By Sergei Shirokov.
9:59 of 2nd period - Shot Misses the Net.
9:59 of 2nd period - Puck is out of play.
10:00 of 2nd period - Brandon Sutter wins face-off versus Luke Adam in Sharks zone.
10:31 of 2nd period - Snap shot by Conor Sheary.
10:31 of 2nd period - Deflect By Erik Christensen.
10:31 of 2nd period - Shot Blocked by Ben Lovejoy.
10:31 of 2nd period - Puck is out of play.
10:32 of 2nd period - Mark Scheifele wins face-off versus Ben Smith in Sharks zone.
10:45 of 2nd period - Wrist shot by Kyle Clifford.
10:45 of 2nd period - Stopped by Anders Lindback without a rebound.
10:46 of 2nd period - Brandon Dubinsky wins face-off versus Brandon Sutter in Sharks zone.
10:46 of 2nd period - Brandon Dubinsky is hit by Brent Seabrook.
11:24 of 2nd period - Wrist shot by Ben Smith.
11:24 of 2nd period - Shot Blocked by Brent Seabrook.
11:26 of 2nd period - Wrist shot by Ben Smith.
11:26 of 2nd period - Stopped by Jimmy Howard without a rebound.
11:27 of 2nd period - Brandon Dubinsky wins face-off versus Brandon Sutter in Lightning zone.
11:28 of 2nd period - Snap shot by Milan Michalek.
11:28 of 2nd period - Shot Misses the Net.
11:30 of 2nd period - Wrist shot by Milan Michalek.
11:30 of 2nd period - Goal by Milan Michalek - Sharks : 1 - Lightning : 0.
11:31 of 2nd period - Mark Scheifele wins face-off versus Brandon Dubinsky in neutral zone.
11:56 of 2nd period - Gustav Nyquist is hit by Brent Seabrook and loses puck.
12:07 of 2nd period - Slapshot by Sergei Shirokov.
12:07 of 2nd period - Shot Blocked by Tyler Cuma.
12:09 of 2nd period - Snap shot by Shayne Gostisbehere.
12:09 of 2nd period - Shot Misses the Net.
12:23 of 2nd period - Snap shot by Ben Smith.
12:23 of 2nd period - Stopped by Jimmy Howard with a rebound.
12:25 of 2nd period - Snap shot by Tyler Cuma.
12:25 of 2nd period - Deflect By Justin Schultz.
12:25 of 2nd period - Stopped by Jimmy Howard with a rebound.
12:27 of 2nd period - Wrist shot by Gilbert Brule.
12:27 of 2nd period - Goal by Gilbert Brule - Sharks : 2 - Lightning : 0.
12:28 of 2nd period - Mark Scheifele wins face-off versus Brandon Dubinsky in neutral zone.
12:58 of 2nd period - Slapshot by Kevin Shattenkirk.
12:58 of 2nd period - Shot Misses the Net.
13:00 of 2nd period - Wrist shot by Brandon Sutter.
13:00 of 2nd period - Stopped by Anders Lindback with a rebound.
13:18 of 2nd period - Slapshot by Kevin Shattenkirk.
13:18 of 2nd period - Shot Misses the Net.
13:20 of 2nd period - Snap shot by Brent Seabrook.
13:20 of 2nd period - Shot Blocked by Tyler Cuma.
13:32 of 2nd period - Minor Penalty to Ronalds Kenins for Hooking.
13:33 of 2nd period - Ben Smith wins face-off versus Mark Scheifele in Sharks zone.
13:46 of 2nd period - Wrist shot by James Neal.
13:46 of 2nd period - Shot Misses the Net.
13:48 of 2nd period - Wrist shot by James Neal.
13:48 of 2nd period - Stopped by Anders Lindback with a rebound.
15:32 of 2nd period - Penalty to Ronalds Kenins is over, Ronalds Kenins is back on ice.
15:40 of 2nd period - Wrist shot by Karl Alzner.
15:40 of 2nd period - Shot Blocked by Brent Seabrook.
15:46 of 2nd period - Oskar Osala is hit by Jimmy Vesey and loses puck.
15:57 of 2nd period - Minor Penalty to Cody Goloubef for Tripping.
15:58 of 2nd period - Kyle Clifford wins face-off versus Brandon Dubinsky in Lightning zone.
17:43 of 2nd period - Icing by Gilbert Brule.
17:44 of 2nd period - Gilbert Brule wins face-off versus Brandon Sutter in Sharks zone.
17:57 of 2nd period - Penalty to Cody Goloubef is over, Cody Goloubef is back on ice.
18:11 of 2nd period - Backhand shot by Jimmy Vesey.
18:11 of 2nd period - Shot Misses the Net.
19:17 of 2nd period - Slapshot by Roman Josi.
19:17 of 2nd period - Stopped by Anders Lindback with a rebound.
19:19 of 2nd period - Slapshot by Erik Christensen.
19:19 of 2nd period - Shot Misses the Net.
19:21 of 2nd period - Wrist shot by Conor Sheary.
19:21 of 2nd period - Shot Blocked by Boone Jenner.
19:23 of 2nd period - Wrist shot by Jimmy Vesey.
19:23 of 2nd period - Shot Blocked by Ronalds Kenins.
19:25 of 2nd period - Slapshot by Cody Goloubef.
19:25 of 2nd period - Stopped by Anders Lindback without a rebound.
19:26 of 2nd period - Brandon Sutter wins face-off versus David Booth in Sharks zone.
Goals for this period are 2 for Sharks vs 0 for Lightning.
Shots for this period are 10 for Sharks vs 7 for Lightning.

3rd period


0:01 of 3rd period - Mark Scheifele wins face-off versus Brandon Dubinsky in neutral zone.
0:06 of 3rd period - Slapshot by Mark Scheifele.
0:06 of 3rd period - Shot Blocked by Tyler Cuma.
0:08 of 3rd period - Slapshot by Justin Schultz.
0:08 of 3rd period - Stopped by Anders Lindback with a rebound.
0:10 of 3rd period - Slapshot by Shayne Gostisbehere.
0:10 of 3rd period - Shot Blocked by Tyler Cuma.
0:12 of 3rd period - Slapshot by Shayne Gostisbehere.
0:12 of 3rd period - Deflect By Milan Michalek.
0:12 of 3rd period - Stopped by Anders Lindback without a rebound.
0:13 of 3rd period - Milan Michalek wins face-off versus Mark Scheifele in Sharks zone.
0:26 of 3rd period - Snap shot by Brandon Dubinsky.
0:26 of 3rd period - Goal by Brandon Dubinsky - Sharks : 3 - Lightning : 0.
0:27 of 3rd period - Brandon Dubinsky wins face-off versus Mark Scheifele in neutral zone.
0:42 of 3rd period - Snap shot by Brandon Dubinsky.
0:42 of 3rd period - Stopped by Jimmy Howard with a rebound.
1:02 of 3rd period - Icing by Justin Schultz.
1:03 of 3rd period - Sergei Shirokov wins face-off versus Brandon Dubinsky in Lightning zone.
1:16 of 3rd period - Snap shot by Nick Bjugstad.
1:16 of 3rd period - Goal by Nick Bjugstad - Sharks : 3 - Lightning : 1.
1:17 of 3rd period - Brandon Dubinsky wins face-off versus James Neal in neutral zone.
1:44 of 3rd period - Off-side.
1:45 of 3rd period - Gilbert Brule wins face-off versus Brandon Sutter in neutral zone.
2:09 of 3rd period - Minor Penalty to Sergei Shirokov for High sticking.
2:10 of 3rd period - Brandon Dubinsky wins face-off versus Kyle Clifford in Lightning zone.
2:10 of 3rd period - Slapshot by Tyler Cuma.
2:10 of 3rd period - Stopped by Jimmy Howard without a rebound.
2:11 of 3rd period - Kyle Clifford wins face-off versus Brandon Dubinsky in Lightning zone.
2:18 of 3rd period - Snap shot by Mark Scheifele.
2:18 of 3rd period - Shot Blocked by Steve Eminger.
2:26 of 3rd period - Wrist shot by Brandon Dubinsky.
2:26 of 3rd period - Stopped by Jimmy Howard without a rebound.
2:27 of 3rd period - Brandon Dubinsky wins face-off versus Kyle Clifford in Lightning zone.
2:28 of 3rd period - Slapshot by Tyler Cuma.
2:28 of 3rd period - Stopped by Jimmy Howard with a rebound.
2:30 of 3rd period - Slapshot by Steve Eminger.
2:30 of 3rd period - Shot Blocked by Kevin Shattenkirk.
2:32 of 3rd period - Slapshot by Steve Eminger.
2:32 of 3rd period - Shot Blocked by Kevin Shattenkirk.
2:34 of 3rd period - Snap shot by David Booth.
2:34 of 3rd period - Shot Misses the Net.
2:36 of 3rd period - Wrist shot by Brandon Dubinsky.
2:36 of 3rd period - Shot Blocked by Kevin Shattenkirk.
2:38 of 3rd period - Snap shot by David Booth.
2:38 of 3rd period - Stopped by Jimmy Howard without a rebound.
2:39 of 3rd period - Kyle Clifford wins face-off versus Brandon Dubinsky in Lightning zone.
2:39 of 3rd period - Kyle Clifford is hit by Tyler Cuma.
3:05 of 3rd period - Kevin Shattenkirk is hit by Gilbert Brule and loses puck.
3:14 of 3rd period - Wrist shot by Gilbert Brule.
3:14 of 3rd period - Stopped by Jimmy Howard without a rebound.
3:15 of 3rd period - Kyle Clifford wins face-off versus Brandon Dubinsky in Lightning zone.
3:30 of 3rd period - Wrist shot by Brandon Dubinsky.
3:30 of 3rd period - Shot Misses the Net.
4:09 of 3rd period - Penalty to Sergei Shirokov is over, Sergei Shirokov is back on ice.
4:28 of 3rd period - Wrist shot by Ronalds Kenins.
4:28 of 3rd period - Stopped by Jimmy Howard with a rebound.
5:01 of 3rd period - Erik Christensen is hit by Oskar Osala and loses puck.
5:16 of 3rd period - Wrist shot by Oskar Osala.
5:16 of 3rd period - Stopped by Jimmy Howard with a rebound.
5:18 of 3rd period - Slapshot by Brayden McNabb.
5:18 of 3rd period - Stopped by Jimmy Howard without a rebound.
5:19 of 3rd period - Mark Scheifele wins face-off versus Brandon Dubinsky in Lightning zone.
5:30 of 3rd period - Snap shot by Mark Scheifele.
5:30 of 3rd period - Shot Blocked by Tyler Cuma.
5:32 of 3rd period - Slapshot by Mark Scheifele.
5:32 of 3rd period - Stopped by Anders Lindback without a rebound.
5:33 of 3rd period - Milan Michalek wins face-off versus James Neal in Sharks zone.
5:56 of 3rd period - Minor Penalty to Brandon Dubinsky for Roughing.
5:57 of 3rd period - James Neal wins face-off versus Ben Smith in Sharks zone.
7:01 of 3rd period - Icing by James Neal.
7:02 of 3rd period - Kyle Clifford wins face-off versus Milan Michalek in Lightning zone.
7:55 of 3rd period - Snap shot by Boone Jenner.
7:55 of 3rd period - Deflect By Ronalds Kenins.
7:55 of 3rd period - Shot Misses the Net.
7:55 of 3rd period - Puck is out of play.
7:56 of 3rd period - Penalty to Brandon Dubinsky is over, Brandon Dubinsky is back on ice.
7:56 of 3rd period - Mark Scheifele wins face-off versus Bobby Butler in Lightning zone.
8:25 of 3rd period - Snap shot by Sergei Shirokov.
8:25 of 3rd period - Stopped by Anders Lindback without a rebound.
8:26 of 3rd period - Brandon Sutter wins face-off versus Brandon Dubinsky in Sharks zone.
8:27 of 3rd period - Slapshot by Kevin Shattenkirk.
8:27 of 3rd period - Shot Misses the Net.
8:29 of 3rd period - Slapshot by Kevin Shattenkirk.
8:29 of 3rd period - Shot Misses the Net.
8:31 of 3rd period - Snap shot by Brandon Sutter.
8:31 of 3rd period - Shot Blocked by David Booth.
8:33 of 3rd period - Snap shot by Nick Bjugstad.
8:33 of 3rd period - Deflect By Brandon Sutter.
8:33 of 3rd period - Stopped by Anders Lindback without a rebound.
8:34 of 3rd period - Brandon Dubinsky wins face-off versus Mark Scheifele in Sharks zone.
8:51 of 3rd period - David Booth is hit by Mark Scheifele and loses puck.
9:48 of 3rd period - Justin Schultz is hit by Steve Eminger.
10:28 of 3rd period - Cody Goloubef is hit by Ben Smith and loses puck.
10:39 of 3rd period - Wrist shot by Ben Smith.
10:39 of 3rd period - Shot Misses the Net.
11:13 of 3rd period - Minor Penalty to Sergei Shirokov for Roughing.
11:14 of 3rd period - David Booth wins face-off versus Kyle Clifford in Lightning zone.
11:24 of 3rd period - Wrist shot by Brandon Dubinsky.
11:24 of 3rd period - Shot Misses the Net.
11:26 of 3rd period - Snap shot by Steve Eminger.
11:26 of 3rd period - Stopped by Jimmy Howard without a rebound.
11:27 of 3rd period - Kyle Clifford wins face-off versus Brandon Dubinsky in Lightning zone.
11:27 of 3rd period - Kyle Clifford is hit by David Booth.
12:03 of 3rd period - Wrist shot by Ben Smith.
12:03 of 3rd period - Shot Misses the Net.
13:13 of 3rd period - Penalty to Sergei Shirokov is over, Sergei Shirokov is back on ice.
13:26 of 3rd period - Slapshot by Tyler Cuma.
13:26 of 3rd period - Shot Blocked by Cody Goloubef.
13:28 of 3rd period - Snap shot by Boone Jenner.
13:28 of 3rd period - Shot Misses the Net.
13:30 of 3rd period - Slapshot by Boone Jenner.
13:30 of 3rd period - Stopped by Jimmy Howard with a rebound.
13:44 of 3rd period - Slapshot by Zach Boychuk.
13:44 of 3rd period - Goal by Zach Boychuk - Sharks : 4 - Lightning : 1.
13:45 of 3rd period - Brandon Dubinsky wins face-off versus Mark Scheifele in neutral zone.
14:20 of 3rd period - Wrist shot by Brandon Sutter.
14:20 of 3rd period - Stopped by Anders Lindback without a rebound.
14:21 of 3rd period - Brandon Sutter wins face-off versus Brandon Dubinsky in Sharks zone.
14:24 of 3rd period - Snap shot by Nick Bjugstad.
14:24 of 3rd period - Shot Blocked by Steve Eminger.
14:31 of 3rd period - Off-side.
14:32 of 3rd period - Mark Scheifele wins face-off versus Brandon Dubinsky in neutral zone.
15:22 of 3rd period - Double Minor Penalty to Mark Scheifele for High sticking.
15:23 of 3rd period - Brandon Dubinsky wins face-off versus Kyle Clifford in Lightning zone.
16:54 of 3rd period - Conor Sheary is hit by Ben Smith and loses puck.
18:13 of 3rd period - Erik Christensen is hit by Brandon Dubinsky and loses puck.
18:38 of 3rd period - Snap shot by Ronalds Kenins.
18:38 of 3rd period - Stopped by Jimmy Howard without a rebound.
18:39 of 3rd period - Gilbert Brule wins face-off versus Kyle Clifford in Lightning zone.
19:22 of 3rd period - Penalty to Mark Scheifele is over, Mark Scheifele is back on ice.
Goals for this period are 2 for Sharks vs 1 for Lightning.
Shots for this period are 14 for Sharks vs 7 for Lightning.